 Dungeon Crawl Stone Soup version 0.28.0-43-g3370ac3207 (webtiles) character file.

Game seed: 1215600580941925169

25985 issech the Basher (level 12, 0/107 HPs)
             Began as a Troll Monk on Mar 13, 2022.
             Was the Champion of Hepliaklqana.
             Slain by a molten gargoyle
             ... wielding a +0 mace
              (1 damage)
             ... while petrified by a catoblepas
             ... in a Gauntlet.
             The game lasted 01:01:21 (12029 turns).

issech the Basher (Troll Monk)                     Turns: 12029, Time: 01:01:22

Health: 0/107      AC: 14    Str: 26    XL:     12   Next: 94%
Magic:  11/11      EV:  1    Int:  6    God:    Hepliaklqana [******]
Gold:   890        SH:  0    Dex: 22    Spells: 11/11 levels left

rFire   + + .      SeeInvis .   O - +1 giant spiked club (vamp)
rCold   . . .      Faith    .   (shield currently unavailable)
rNeg    + + +      Spirit   .   K - +2 acid dragon scales
rPois   ∞          Reflect  +   (helmet restricted)
rElec   +          Harm     .   b - +2 cloak {Stlth+}
rCorr   +          Rampage  .   (gloves unavailable)
Will    .....      NoTele   +   (boots unavailable)
Stlth   ++++......              p - amulet of reflection
HPRegen 1.07/turn               l - +6 ring of dexterity
MPRegen 0.12/turn               V - ring of Sorug {Fire rElec Str+4}

@: resistant, petrified
A: reduced essence, large, unfitting armour, claws 3, regeneration 1, shaggy fur
1, tough skin 1
a: Renounce Religion, Recall Ancestor, Ancestor Identity, Transference, Idealise


You were in a Gauntlet.
You worshipped Hepliaklqana.
Hepliaklqana was exalted by your worship.
You visited 2 branches of the dungeon, and saw 15 of its levels.
You also visited: Ossuary and Gauntlet.

You collected 890 gold pieces.

Inventory:

Hand Weapons
 o - a +2 hunting sling of flaming
 q - a +2 demon whip of venom
 A - the +5 hand axe "Rustados" {freeze, rCorr Str+2 Dex+3}
   (You found it on level 5 of the Dungeon)

   It freezes those it strikes, dealing additional cold damage.
   It can also slow down cold-blooded creatures.
   Str:       It affects your strength (+2).
   Dex:       It affects your dexterity (+3).
   rCorr:     It protects you from acid and corrosion.
 O - a +1 vampiric giant spiked club (weapon)
 R - a +6 halberd
 T - a +5 battleaxe
 U - a +1 flail of protection
 X - a +3 flail
 Z - a +0 arbalest
Missiles
 d - 459 stones
 e - 24 poisoned darts
 k - 414 arrows
 t - 136 sling bullets
 v - 5 atropa-tipped darts
 w - 8 boomerangs
 x - 188 bolts
 I - 5 datura-tipped darts
 Y - 22 large rocks (quivered)
Armour
 b - a +2 cloak of stealth (worn)
 K - +2 acid dragon scales (worn)
 S - a +0 troll leather armour
 W - +0 steam dragon scales
Magical Staves
 M - a staff of poison
 P - a staff of cold
Jewellery
 a - an amulet of magic regeneration
 c - a ring of poison resistance
 l - a +6 ring of dexterity (left claw)
 p - an amulet of reflection (around neck)
 s - a ring of protection from fire
 y - an amulet of regeneration
 z - a ring of protection from fire
 V - the ring of Sorug (right claw) {Fire rElec Str+4}
   (You found it on level 13 of the Dungeon)

   [ring of fire]

   It enhances your fire magic.
   Str:       It affects your strength (+4).
   rF:        It protects you from fire.
   rC:        It makes you vulnerable to cold.
   rElec:     It insulates you from electricity.
Wands
 F - a wand of mindburst (12)
 G - a wand of iceblast (21)
 H - a wand of flame (41)
Scrolls
 g - 5 scrolls of teleportation
 h - 4 scrolls of immolation
 u - 2 scrolls of fear
 B - a scroll of holy word
 C - 3 scrolls of blinking
 J - a scroll of enchant armour
 Q - a scroll of brand weapon
Potions
 f - 3 potions of curing
 i - 4 potions of haste
 j - 5 potions of lignification
 m - a potion of berserk rage {unknown}
 n - 2 potions of heal wounds
 r - 3 potions of brilliance
 D - 2 potions of resistance
 E - 2 potions of might {unknown}
 N - 3 potions of flight
Miscellaneous
 L - a box of beasts


   Skills:
 + Level 7.7 Fighting
 + Level 8.3(10.4) Axes
 + Level 10.8(12.2) Maces & Flails
 + Level 1.7 Throwing
 + Level 4.8 Armour
 + Level 7.2 Dodging
 + Level 5.0 Stealth
 + Level 4.1 Shields


You had 11 spell levels left.
You didn't know any spells.
Your spell library contained the following spells:

 Spells                   Type           Power      Damage    Failure   Level
 Summon Small Mammal      Summ           0%         N/A       52%         1
 Call Canine Familiar     Summ           0%         N/A       87%         3
 Dazzling Flash           Conj/Hex       0%         N/A       87%         3
 Gell's Gravitas          Tloc           0%         N/A       87%         3
 Lesser Beckoning         Tloc           0%         N/A       87%         3
 Summon Guardian Golem    Hex/Summ       0%         N/A       87%         3
 Teleport Other           Tloc           0%         N/A       87%         3
 Airstrike                Air            0%         N/A       99%         4
 Iskenderun's Mystic Bla  Conj/Tloc      0%         2d3       99%         4
 Summon Lightning Spire   Summ/Air       0%         N/A       99%         4
 Lightning Bolt           Conj/Air       0%         1d11      100%        5
 Starburst                Conj/Fire      0%         6d3       100%        6


Dungeon Overview and Level Annotations

Branches:
Dungeon (14/15)            Temple (1/1) D:4            Lair (0/6) D:10
    Orc (0/2) D:9         Ossuary (visited)         Gauntlet (1/1)
 Vaults: D:13-14

Altars:
Ashenzari
Cheibriados
Dithmenos
Elyvilon
Fedhas
Gozag
Hepliaklqana
Kikubaaqudgha
Makhleb
Nemelex Xobeh
Okawaru
Qazlal
Ru
Sif Muna
Trog
Uskayaw
Vehumet
Wu Jian
Xom
Yredelemnul
Zin
The Shining One

Shops:
D:3 (   D:8 ?

Annotations:
Gauntlet 8 transporters, exclusions: 2 lightning spires and obsidian statue


Innate Abilities, Weirdness & Mutations

Your life essence is reduced to manifest your ancestor. (-10% HP)
You are too large for most types of armour.
You have claws for hands.
Your natural rate of healing is unusually fast.
You are covered in fur. (AC +1)
You have tough skin. (AC +1)


Message History

The molten gargoyle blasts magma at you!
The bolt of magma hits you! You partially resist.
The catoblepas breathes a plume of calcifying dust at you.
The blast of calcifying dust hits you but does no damage.
You have turned to stone.
You are engulfed in calcifying dust.
The catoblepas gores you!
The molten gargoyle hits you but does no damage.
You are engulfed in calcifying dust.
The catoblepas gores you but does no damage.
The molten gargoyle hits you with a +0 mace!
You are engulfed in flames.
You resist. The catoblepas gores you!!
The molten gargoyle hits you with a +0 mace!
You are engulfed in flames.
You resist.
The catoblepas gores you but does no damage.
The molten gargoyle hits you with a +0 mace!
* * * LOW HITPOINT WARNING * * *
You are engulfed in flames.
You resist.
* * * LOW HITPOINT WARNING * * *
The catoblepas breathes a plume of calcifying dust at you.
The blast of calcifying dust hits you!
* * * LOW HITPOINT WARNING * * *
The molten gargoyle completely misses you.
You are engulfed in calcifying dust.
The catoblepas gores you!
* * * LOW HITPOINT WARNING * * *
The molten gargoyle blasts magma at you!
The bolt of magma hits you! You partially resist.
* * * LOW HITPOINT WARNING * * *
You are engulfed in calcifying dust.
The catoblepas gores you!
* * * LOW HITPOINT WARNING * * *
The molten gargoyle hits you with a +0 mace!
* * * LOW HITPOINT WARNING * * *
You are engulfed in flames.
You resist.
* * * LOW HITPOINT WARNING * * *
You are engulfed in calcifying dust.
The catoblepas gores you but does no damage.
The molten gargoyle hits you with a +0 mace!
* * * LOW HITPOINT WARNING * * *
You are engulfed in flames.
You resist.
You die...

.....8.....8.## #.#
.............≈##..##
.#########...##.....
.#.......#...#....# #.
##..####.#...#.8©.# ..
.#.##..#?#...#....##.#
©#.#.©#.©#.8.#.8©...
.#.#.##.[#...#.Y.9##
##.##...!#...#.8@.#
.#......8#...#...§#
.#########...##...§.
.............≈##..##.#
.....8....§8.####.# ..
..............## ## ##
###########...≈#
#..#......#...##
#...#.....#...≈#


You could see a catoblepas and a molten gargoyle.

Vanquished Creatures
  A great orb of eyes (Gauntlet)
  A rakshasa (D:14)
  3 two-headed ogres (D:11)
  2 centaur warriors
  A tengu warrior (D:9)
  3 cyclopes
  2 manticores
  2 ugly things
  3 gargoyles
  Maggie (D:8)
  An unseen horror (D:11)
  A kobold demonologist (D:12)
  A tengu conjurer (D:13)
  Grinder (D:6)
  3 slime creatures
  A wyvern (D:9)
  A shadow (D:8)
  13 yaks
  Sigmund (D:6)
  A basilisk (D:13)
  4 vampire mosquitoes (D:12)
  A steam dragon (D:8)
  2 acid dragons
  A water moccasin (D:10)
  An orc warrior (D:8)
  4 black bears
  A sky beast (D:6)
  5 ogres
  A hornet zombie (D:7)
  2 necrophages
  8 centaurs
  A phantom (D:5)
  A kobold brigand (D:11)
  3 bullfrogs
  2 elf zombies (Ossuary)
  3 scorpions
  8 killer bees
  5 wights
  4 howler monkeys
  3 centaur zombies
  A human zombie (Ossuary)
  A jelly (D:6)
  3 orc priests
  2 hounds
  A bullfrog skeleton (D:2)
  2 iguanas
  A centaur skeleton (D:6)
  Terence (D:3)
  A scorpion zombie (D:5)
  5 orc wizards
  A killer bee zombie (D:6)
  4 mummies
  A howler monkey zombie (D:8)
  10 adders
  A shadow imp (D:6)
  An ufetubus (D:3)
  An adder zombie (Ossuary)
  An adder skeleton (D:4)
  3 worms
  3 dart slugs
  21 orcs
  7 ball pythons
  9 bats
  7 endoplasms
  5 giant cockroaches
  9 hobgoblins
  3 jackals (D:1)
  A quokka (D:1)
  4 frilled lizards
  5 goblins
  12 hobgoblin zombies (Ossuary)
  2 jackal zombies (Ossuary)
  6 kobolds
  7 kobold zombies (Ossuary)
  2 orc zombies (Ossuary)
  4 rats
  A rat zombie (Ossuary)
252 creatures vanquished.

Vanquished Creatures (collateral kills)
  A two-headed ogre (D:12)
  A tengu warrior (D:13)
  A cyclops (D:12)
  Maurice (D:8)
  An unseen horror (D:13)
  6 trolls
  A slime creature (D:13)
  9 yaks
  2 wraiths
  A wyvern (D:8)
  A warg (D:8)
  A water moccasin (D:10)
  A black bear (D:10)
  An orc warrior (D:10)
  A sky beast (D:5)
  A necrophage (D:8)
  2 ice beasts
  5 centaurs
  3 bullfrogs
  A scorpion (D:4)
  A water moccasin zombie (D:5)
  8 killer bees
  6 wights
  A bullfrog skeleton (D:6)
  A hound (D:5)
  7 orc priests
  2 orc wizards (D:9)
  4 orcs
  A giant cockroach (D:4)
  3 hobgoblin zombies (Ossuary)
  A jackal zombie (Ossuary)
  2 kobold zombies (Ossuary)
  3 orc zombies (Ossuary)
81 creatures vanquished.

Vanquished Creatures (others)
  9 battlemagi
  11 fungi (D:10)
  15 plants (D:10)
  23 withered plants
58 creatures vanquished.

Grand Total: 391 creatures vanquished

Notes
Turn   | Place    | Note
-------+----------+-------------------------------------------
     0 | D:1      | issech the Troll Monk began the quest for the Orb.
     0 | D:1      | Reached XP level 1. HP: 22/22 MP: 0/0
   246 | D:1      | Reached skill level 3 in Maces & Flails
   246 | D:1      | Reached XP level 2. HP: 29/29 MP: 1/1
   818 | D:2      | Reached XP level 3. HP: 36/36 MP: 2/2
  1216 | D:2      | Reached XP level 4. HP: 39/44 MP: 3/3
  1298 | D:2      | Noticed an ogre
  1311 | D:2      | Killed an ogre
  1312 | D:2      | Reached skill level 4 in Maces & Flails
  1312 | D:2      | Reached XP level 5. HP: 35/52 MP: 4/4
  1692 | D:3      | Found Mij Uqapn's Antique Weapon Shop.
  1812 | D:3      | Noticed an ogre
  1813 | D:3      | Noticed Terence
  1819 | D:3      | Killed an ogre
  1820 | D:3      | Reached skill level 5 in Maces & Flails
  1820 | D:3      | Reached XP level 6. HP: 61/61 MP: 5/5
  1826 | D:3      | Killed Terence
  1885 | D:3      | Found a faded altar of an unknown god.
  2919 | D:4      | Found a staircase to the Ecumenical Temple.
  2950 | Temple   | Entered the Ecumenical Temple
  2980 | Temple   | Became a worshipper of Hepliaklqana the Forgotten
  2980 | Temple   | Reached * piety under Hepliaklqana
  2980 | Temple   | Reached ** piety under Hepliaklqana
  2981 | Temple   | Remembered your ancestor Osbert as a battlemage
  3075 | D:4      | Reached XP level 7. HP: 60/60 MP: 6/6
  3272 | D:4      | Reached skill level 6 in Maces & Flails
  3384 | D:5      | Entered Level 5 of the Dungeon
  3519 | D:5      | Found a glowing silver altar of Zin.
  3567 | D:5      | Reached skill level 1 in Shields
  3588 | D:5      | Found an iron altar of Okawaru.
  3595 | D:5      | Identified the +5 hand axe "Rustados" {freeze, rCorr Str+2
                  | Dex+3}
  3729 | D:5      | Found a sand-covered staircase.
  3743 | Ossuary  | Entered an ossuary
  3858 | Ossuary  | Reached skill level 1 in Axes
  3858 | Ossuary  | Reached XP level 8. HP: 63/70 MP: 7/7
  4255 | D:5      | Found a shimmering altar of Xom.
  4506 | D:6      | Noticed Sigmund
  4516 | D:6      | Killed Sigmund
  4611 | D:6      | Reached XP level 9. HP: 63/76 MP: 8/8
  4710 | D:6      | Reached skill level 5 in Axes
  4756 | D:6      | Reached *** piety under Hepliaklqana
  4876 | D:6      | Noticed Grinder
  4881 | D:6      | Paralysed by Grinder for 5 turns
  4894 | D:6      | Killed Grinder
  5327 | D:7      | Found a hide-covered altar of Uskayaw.
  5673 | D:7      | Reached skill level 5 in Dodging
  5737 | D:7      | Found an ornate altar of the Wu Jian Council.
  6074 | D:8      | Reached skill level 5 in Fighting
  6114 | D:8      | Reached **** piety under Hepliaklqana
  6187 | D:8      | Noticed Maggie
  6196 | D:8      | Reached XP level 10. HP: 84/86 MP: 9/9
  6246 | D:8      | Killed Maggie
  6357 | D:8      | Noticed Maurice
  6368 | D:8      | Killed Maurice
  6408 | D:8      | Found a radiant altar of Vehumet.
  6544 | D:8      | Found Oqif's Magic Scroll Boutique.
  7154 | D:9      | Found a staircase to the Orcish Mines.
  7158 | D:9      | Reached skill level 1 in Armour
  7258 | D:9      | Found an opulent altar of Gozag.
  7258 | D:9      | Found a sacrificial altar of Ru.
  7325 | D:9      | Noticed a tengu warrior
  7334 | D:9      | Killed a tengu warrior
  7425 | D:9      | Reached ***** piety under Hepliaklqana
  7644 | D:10     | Entered Level 10 of the Dungeon
  7647 | D:10     | Reached skill level 1 in Throwing
  7732 | D:10     | Noticed a gargoyle
  7740 | D:10     | Killed a gargoyle
  7786 | D:10     | Found a snail-covered altar of Cheibriados.
  7825 | D:10     | Reached XP level 11. HP: 87/94 MP: 10/10
  8099 | D:10     | Found a staircase to the Lair.
  8776 | D:11     | Noticed a two-headed ogre
  8784 | D:11     | Reached skill level 7 in Maces & Flails
  8786 | D:11     | Killed a two-headed ogre
  8860 | D:11     | Noticed a two-headed ogre
  8867 | D:11     | Killed a two-headed ogre
  8979 | D:11     | Reached skill level 8 in Maces & Flails
  9110 | D:11     | Noticed a two-headed ogre
  9117 | D:11     | Killed a two-headed ogre
  9559 | D:12     | Reached XP level 12. HP: 100/103 MP: 11/11
  9650 | D:12     | Reached skill level 9 in Maces & Flails
 10155 | D:12     | Noticed a two-headed ogre
 10168 | D:12     | Killed a two-headed ogre
 10471 | D:13     | Identified the ring of Sorug {Fire rElec Str+4}
 10730 | D:13     | Noticed a centaur warrior
 10758 | D:13     | Killed a centaur warrior
 10821 | D:13     | Noticed a tengu warrior
 10885 | D:13     | Reached skill level 10 in Maces & Flails
 10899 | D:13     | Killed a tengu warrior
 11298 | D:13     | Reached ****** piety under Hepliaklqana
 11643 | D:14     | Found a gate leading to a gauntlet.
 11648 | D:14     | Noticed a centaur warrior
 11651 | D:14     | Noticed a rakshasa
 11653 | D:14     | Killed a centaur warrior
 11668 | D:14     | Killed a rakshasa
 11735 | Gauntlet | Entered a Gauntlet
 11735 | Gauntlet | Found a transporter.
 11738 | Gauntlet | Found a transporter.
 11744 | Gauntlet | Noticed a great orb of eyes
 11757 | Gauntlet | Found a transporter.
 11758 | Gauntlet | Found a transporter.
 11764 | Gauntlet | Noticed a catoblepas
 11770 | Gauntlet | Found a transporter.
 11789 | Gauntlet | Found a transporter.
 11804 | Gauntlet | Found a transporter.
 11804 | Gauntlet | Noticed a death yak
 11804 | Gauntlet | Noticed a death yak
 11805 | Gauntlet | Noticed a death yak
 11806 | Gauntlet | Noticed a death yak
 11806 | Gauntlet | Noticed a death yak
 11811 | Gauntlet | Noticed a death yak
 11824 | Gauntlet | Found a transporter.
 11828 | Gauntlet | Found a transporter.
 11836 | Gauntlet | Found a transporter.
 11861 | Gauntlet | Found a transporter.
 11865 | Gauntlet | Found a transporter.
 11948 | Gauntlet | Killed a great orb of eyes
 11949 | Gauntlet | Reached skill level 5 in Stealth
 11985 | Gauntlet | Identified the +1 pair of boots of Inumikk {rElec Will+
                  | Dex+4 Slay-5}
 12029 | Gauntlet | HP: 1/107 [molten gargoyle/+0 mace (7)]
 12029 | Gauntlet | Slain by a molten gargoyle

Illustrated notes

Levels and vault maps discovered:
D:1:      matt_arrival_refuge, layout_basic, minmay_tromino_v4_a
D:2:      layout_basic, minmay_3d_cube
D:3:      layout_basic, basic_ecumenical_altar, serial_shops, shop, uniq_terence
D:4:      layout_loops_corners, minmay_temple_entry_slanted
D:5:      layout_rooms, okawaru_ov_weapons_minmay, zin_scriptorium, tgw_xom,
          enter_ossuary_3, st_stairs_7, minmay_misc_feat_columns
D:6:      layout_loops_ring, uniq_sigmund, uniq_grinder
D:7:      layout_loops_ring, nzn_wu_jian_contemplation, lemuel_round_altar
D:8:      layout_rooms, mainiacjoe_overflow_boulevard, serial_shops,
          nicolae_stop_n_shop_1, serial_undead, serial_undead_b,
          serial_undead_f, serial_undead_d, serial_undead_a, uniq_maurice,
          uniq_maggie
D:9:      nicolae_cairo_tiling_large_dashed, layout_basic,
          gammafunk_temple_overflow_pools, david_orc_3
D:10:     layout_stronghold, mainiacjoe_overflow_paths,
          due_lair_maze_entry_diamond
D:11:     layout_long_grid, grunt_ministairs_8
D:12:     layout_basic
D:13:     layout_roguey
D:14:     layout_loops_ring, ximxim_vaults_locker_room, gauntlet_entry_generic
Temple:   cyrus_circular_temple
Gauntlet: minmay_gauntlet_mixed_oops_all_seconds
          [minmay_gauntlet_arena_77_p_blocks, gammafunk_gauntlet_arena_hedges,
          minmay_gauntlet_arena_77_terracotta_army, nicolae_gauntlet_swirl,
          minmay_gauntlet_arena_77_hold_the_fort,
          gammafunk_gauntlet_arena_mazey, gauntlet_exit_watery]

Skill      XL: |  1  2  3  4  5  6  7  8  9 10 11 12 |
---------------+-------------------------------------+-----
Maces & Flails | 3 4 5 6 8 10 | 10.8
Dodging        | 3 4 5 6 7 |  7.2
Fighting       | 3 4 5 6 7 |  7.7
Shields        | 1 2 3 4 |  4.1
Axes           | 1 4 6 7 8 |  8.3
Stealth        | 2 3 4 5 |  5.0
Armour         | 2 4 |  4.8
Throwing       | 1 |  1.7

Action                   |  1- 3 |  4- 6 |  7- 9 | 10-12 || total
-------------------------+-------+-------+-------+-------++-------
Melee: Mace              |   139 |     7 |       |       ||   146
       Giant club        |       |   134 |    17 |       ||   151
       Hand axe          |       |       |   236 |   172 ||   408
       Punch             |       |       |     5 |     7 ||    12
       Giant spiked club |       |       |       |   232 ||   232
Throw: Dart              |       |     1 |       |       ||     1
       Large rock        |       |       |     1 |    13 ||    14
Invok: Ancestor Life: Ba |       |     1 |       |       ||     1
  Use: Scroll            |       |     1 |     5 |    13 ||    19
       Potion            |       |       |       |     1 ||     1
 Stab: Sleeping          |     5 |     3 |     8 |     9 ||    25
       Distracted        |       |       |     4 |    13 ||    17
Armor: Robe              |    97 |    36 |    44 |       ||   177
       Acid dragon scale |       |       |       |   190 ||   190
Dodge: Dodged            |   113 |    54 |   126 |   321 ||   614
Block: Other             |       |    27 |    34 |   108 ||   169
       Reflection        |       |       |     1 |    10 ||    11
